 Dungeon Crawl Stone Soup version 0.32-a0-35-gd9ff480968 (webtiles) character file.

Game seed: 7027561437550160372

263 pokeman the Magician (level 5, -4/29 HPs)
             Began as a Deep Elf Hedge Wizard on Jan 21, 2024.
             Killed from afar by an orc wizard (13 damage)
             ... with a puff of flame
             ... on level 3 of the Dungeon.
             The game lasted 00:05:59 (3273 turns).

pokeman the Magician (Deep Elf Hedge Wizard)        Turns: 3273, Time: 00:05:59

Health: -4/29      AC:  4    Str:  7    XL:     5   Next: 97%
Magic:  2/16       EV: 13    Int: 21    God:
Gold:   92         SH:  0    Dex: 14    Spells: 9/17 levels left

rFire   . . .        a - +0 dagger
rCold   . . .        (no shield)
rNeg    . . .        b - +0 robe
rPois   .            g - +0 helmet
rElec   .            (no cloak)
rCorr   .            (no gloves)
SInv    .            i - +0 pair of boots
Will    .....        (no amulet)
Stlth   ++           (no ring)
HPRegen 0.24/turn    (no ring)
MPRegen 0.15/turn

%: no passive effects
@: on blink cooldown
A: no striking features
a: no special abilities


You were on level 3 of the Dungeon.
You visited 1 branch of the dungeon, and saw 3 of its levels.

You collected 92 gold pieces.

Inventory:

Hand Weapons
 a - a +0 dagger (weapon)
Armour
 b - a +0 robe (worn)
 g - a +0 helmet (worn)
 i - a +0 pair of boots (worn)
Wands
 o - a wand of flame (18)
Scrolls
 e - 5 scrolls of identify {unknown}
 f - a scroll of silence {unknown}
 j - a scroll of brand weapon {unknown}
 k - a scroll of teleportation {unknown}
 l - a scroll of butterflies {unknown}
 p - a scroll of vulnerability {unknown}
Potions
 c - a potion of attraction {unknown}
 d - a potion of magic
 h - a potion of haste {unknown}
 m - a potion of heal wounds {unknown}
 n - a potion of lignification {unknown}


   Skills:
 + Level 1.1 Fighting
 - Level 1.0 Armour
 - Level 3.0 Dodging
 - Level 3.1 Stealth
 * Level 6.7 Spellcasting
 + Level 2.9 Conjurations
 - Level 1.1 Summonings
 - Level 1.1 Translocations
 - Level 1.1 Air Magic
 - Level 1.0 Alchemy
 + Level 0.2 Evocations


You had 9 spell levels left.
You knew the following spells:

 Your Spells              Type           Power      Damage    Failure   Level
a - Magic Dart            Conj           76%        1d6       2%          1
b - Mephitic Cloud        Conj/Alch/Air  14%        N/A       14%         3
c - Call Imp              Summ           22%        N/A       9%          2
d - Blink                 Tloc           22%        N/A       9%          2

Your spell library contained the following spells:

 Spells                   Type           Power      Damage    Failure   Level
 Sting                    Conj/Alch      60%        1d6       4%          1
 Momentum Strike          Conj/Tloc      30%        3d8       6%          2
 Slow                     Hex            28%        N/A       9%          1
 Cigotuvi's Dreadful Rot  Necr/Alch/Air  20%        N/A       11%         2
 Dispel Undead            Necr           7%         3d8       65%         4
 Borgnjor's Vile Clutch   Necr/Erth      3%         N/A       94%         5


Dungeon Overview and Level Annotations

Branches:
Dungeon (3/15)

Altars:


Message History

You blink.
Your cerulean imp hits the sleepcap from afar with a -3 spear.
Unknown command.
Your cerulean imp hits the sleepcap with a -3 spear.
The sleepcap misses your cerulean imp.
Your cerulean imp hits the sleepcap with a -3 spear.
Your magical contamination has completely faded away.
Casting: Blink (safe; 9% risk of failure)
Confirm with . or Enter, or press ? or * to list all spells.
Aiming: Magic Dart (safe; 2% risk of failure)
Press: ? - help, Shift-Dir - straight line, f/p - sleepcap
Aim: a sleepcap (severely damaged, 100% to hit)
The magic dart hits something.
You are confused.
You're too confused to cast spells.
Sorry, you're not good enough to have a special ability.
Unknown command.
You're too confused to cast spells.
Sorry, you're not good enough to have a special ability.
Unknown command.
You're too confused to move!
You feel ready to blink again.
A magic dart appears from out of thin air!
The magic dart hits you.
You're too confused to cast spells.
Sorry, you're not good enough to have a special ability.
Unknown command.
Unknown command.
A magic dart appears from out of thin air!
The magic dart hits you!
* * * LOW HITPOINT WARNING * * *
You feel less confused.
Casting: Magic Dart (safe; 2% risk of failure)
Confirm with . or Enter, or press ? or * to list all spells.
You blink.
You hear a shout!
Unknown command.
A puff of flame appears from out of thin air!
The puff of flame hits you!
You die...

#.#G#...#G#..# ## #######
#.###...###..# ###. #.....##
#............# #... #......#
##....######.# #.#. #......###
#.......###.# #.##
#........#####.###.....#####..#
##.#.......###.#####.(.........
#.......#........##########...
##.......>....@...# #...
###.................#### ####...
.##....................####......
.......................##...##...
................o..{......####...
.#............f.....#.....# ##...
.#............{..<..##....###..##
....................##...........
....................^............


You could see a sleepcap and an orc.

Vanquished Creatures
  A scorpion (D:3)
  Jessica (D:3)
  Natasha (D:3)
  7 gnolls
  2 adders
  2 dart slugs (D:3)
  A ribbon worm (D:2)
  4 orcs
  4 endoplasms
  2 giant cockroaches (D:1)
  6 goblins
  5 hobgoblins
  5 jackals
  3 quokkas
  6 ball pythons
  2 bats
  4 frilled lizards
  2 kobolds
  6 rats
64 creatures vanquished.

Notes
Turn   | Place    | Note
-------+----------+-------------------------------------------
     0 | D:1      | pokeman the Deep Elf Hedge Wizard began the quest for the
                  | Orb.
     0 | D:1      | Reached XP level 1. HP: 10/10 MP: 7/7
   173 | D:1      | Reached XP level 2. HP: 3/16 MP: 2/9
   806 | D:1      | Reached skill level 5 in Spellcasting
  1422 | D:2      | Reached XP level 3. HP: 20/20 MP: 8/11
  1426 | D:2      | Learned a level 3 spell: Mephitic Cloud
  1429 | D:2      | Learned a level 2 spell: Call Imp
  1432 | D:2      | Learned a level 2 spell: Blink
  1451 | D:2      | Got Sif Muna's Tractate on the Crypt and Conflict
  1911 | D:2      | Reached skill level 1 in Fighting
  1911 | D:2      | Reached skill level 1 in Armour
  2061 | D:2      | Reached XP level 4. HP: 25/25 MP: 2/13
  2663 | D:3      | Reached skill level 6 in Spellcasting
  2670 | D:3      | Reached XP level 5. HP: 29/29 MP: 1/15
  2983 | D:3      | Found a faded altar of an unknown god.
  2983 | D:3      | Noticed a glass eye
  3023 | D:3      | Noticed a golden eye
  3023 | D:3      | Noticed a glass eye
  3023 | D:3      | Noticed a shining eye
  3068 | D:3      | Noticed Jessica
  3077 | D:3      | Killed Jessica
  3078 | D:3      | Reached skill level 1 in Alchemy
  3168 | D:3      | Noticed Natasha
  3172 | D:3      | Killed Natasha
  3173 | D:3      | Reached skill level 1 in Air Magic
  3273 | D:3      | Killed from afar by an orc wizard

Illustrated notes

Levels and vault maps discovered:
D:1:      psy_arrival_basics, layout_basic
D:2:      layout_loops_ring
D:3:      layout_rooms, hellmonk_ecumenical_altar_watching_god,
          amcnicky_mini_pool_small, dreamdust_princess_bridge,
          kennysheep_generic_room_7, uniq_natasha, uniq_jessica

Skill      XL: |  1  2  3  4  5 |
---------------+----------------+-----
Spellcasting   | 5 6 |  6.7
Fighting       | 1 |  1.1
Armour         | 1 |  1.0
Conjurations   | 2 |  2.9
Stealth        | 3 |  3.1
Dodging        | 3 |  3.0
Alchemy        | 1 |  1.0
Air Magic      | 1 |  1.1
Summonings     | |  1.1
Translocations | |  1.1
Evocations     | |  0.2

Action                     |  1- 3 |  4- 6 || total
---------------------------+-------+-------++-------
  Melee: Dagger            |    42 |    28 ||    70
         Punch             |     1 |       ||     1
   Cast: Magic Dart        |    90 |    67 ||   157
         Mephitic Cloud    |     2 |     4 ||     6
         Blink             |       |     3 ||     3
         Call Imp          |       |     1 ||     1
   Stab: Confused          |       |     5 ||     5
         Distracted        |       |     1 ||     1
 Armour: Robe              |    22 |    19 ||    41
  Dodge: Dodged            |    46 |     9 ||    55

Table legend: (Time is in decaauts)
 A = Elapsed time spent in this place.
 B = Non-inter-level travel time spent in this place.
 C = Inter-level travel time spent in this place.
 D = Time resting spent in this place.
 E = Time spent auto-exploring this place.
 F = Levels seen in this place.
 G = Mean time per level.
                   A        B        C        D        E       F      G
               +--------+--------+--------+--------+--------+-----+--------+
         Total |   3272 |   3202 |     70 |     17 |   2744 |   3 | 1090.7 |
       Dungeon |   3272 |   3202 |     70 |     17 |   2744 |   3 | 1090.7 |
               +--------+--------+--------+--------+--------+-----+--------+

Top non-repeatable levels by time:
     D:1: 1414 daAuts
     D:2: 1064 daAuts
     D:3: 793 daAuts
